 Dungeon Crawl Stone Soup version 0.28.0-1-gb440e238dd (webtiles) character file.

Game seed: 16145544533361563481

6522 theElss the Fighter (level 11, -16/106 HPs)
             Began as a Gargoyle Berserker on Feb 25, 2022.
             Was a Priest of Trog.
             Demolished by a freezing wraith (19 damage)
             ... led by a death knight
             ... on level 9 of the Dungeon.
             The game lasted 00:17:46 (8255 turns).

theElss the Fighter (Gargoyle Berserker)            Turns: 8255, Time: 00:17:47

Health: -16/106    AC: 24    Str: 23    XL:     11   Next: 0%
Magic:  11/11      EV: 17    Int:  8    God:    Trog [***...]
Gold:   365        SH:  0    Dex: 11    Spells: 10/10 levels left

rFire   . . .      SeeInvis .   m - +2 whip (freeze)
rCold   . . .      Faith    +   (no shield)
rNeg    + . .      Spirit   .   c - +0 ring mail
rPois   ∞          Reflect  .   w - +1 hat
rElec   +          Harm     .   o - +0 cloak
rCorr   .          Rampage  .   e - +0 pair of gloves
Will    .....                   s - +0 pair of boots
Stlth   ..........              j - amulet of faith
HPRegen 0.27/turn               r - +4 ring of protection
MPRegen 0.12/turn               h - +4 ring of evasion

@: berserking, slowed
A: sickness immunity, AC +8, negative energy resistance 1, electricity
resistance, torment resistance 1, petrification resistance
a: Renounce Religion, Berserk, Trog's Hand


You were on level 9 of the Dungeon.
You worshipped Trog.
Trog was most pleased with you.
You visited 1 branch of the dungeon, and saw 9 of its levels.

You collected 365 gold pieces.

Inventory:

Hand Weapons
 a - a +0 mace
 m - a +2 whip of freezing (weapon)
Missiles
 q - 6 throwing nets (quivered)
Armour
 c - a +0 ring mail (worn)
 e - a +0 pair of gloves (worn)
 o - a +0 cloak (worn)
 s - a +0 pair of boots (worn)
 w - a +1 hat (worn)
Jewellery
 h - a +4 ring of evasion (right hand)
 j - an amulet of faith (around neck)
 r - a +4 ring of protection (left hand)
 z - a +6 ring of dexterity
 C - an amulet of regeneration
Wands
 p - a wand of flame (2)
 v - a wand of digging (1)
 B - a wand of polymorph (1)
Scrolls
 b - a scroll of fog
 d - 4 scrolls of teleportation
 t - a scroll of vulnerability
 y - a scroll of torment {unknown}
 A - a scroll of silence {unknown}
Potions
 f - 2 potions of invisibility
 g - 2 potions of haste
 i - a potion of mutation {unknown}
 k - 3 potions of heal wounds
 l - a potion of flight
 n - 4 potions of curing
 u - 2 potions of brilliance {unknown}
 x - a potion of berserk rage {unknown}


   Skills:
 + Level 9.6 Fighting
 + Level 8.8 Maces & Flails
 + Level 9.3 Armour
 + Level 7.0 Dodging


You had 10 spell levels left.
You didn't know any spells.
Your spell library was empty.

Dungeon Overview and Level Annotations

Branches:
Dungeon (9/15)             Temple (0/1) D:4
   Lair: D:8-11         Orc: D:9-12

Altars:
Sif Muna

Shops:
D:1 *


Innate Abilities, Weirdness & Mutations

You are immune to sickness and miasma.
Your stone body is resilient. (AC +8)
You are immune to poison.
You resist negative energy. (rN+)
You are resistant to electric shocks. (rElec)
You are resistant to unholy torment.
You are immune to petrification.


Message History

The freezing wraith misses you. The freezing wraith barely misses you.
You hit the freezing wraith.
The freezing wraith is almost destroyed.
You whack the freezing wraith!
You destroy the freezing wraith!
Trog accepts your kill.
You have reached level 11!
You hit the freezing wraith.
The freezing wraith is lightly damaged.
You closely miss the freezing wraith.
The freezing wraith is lightly damaged.
You closely miss the freezing wraith.
The freezing wraith is lightly damaged.
The freezing wraith hits you.
* * * LOW HITPOINT WARNING * * *
The freezing wraith freezes you!!
* * * LOW HITPOINT WARNING * * *
The freezing wraith hits you but does no damage.
You whack the freezing wraith!
The freezing wraith is moderately damaged.
You barely miss the freezing wraith.
The freezing wraith is moderately damaged.
The freezing wraith misses you. The freezing wraith hits you.
* * * LOW HITPOINT WARNING * * *
The freezing wraith drains your vigour!
You feel yourself slow down.
You are too berserk!
Unknown command.
You barely miss the freezing wraith. You punch the freezing wraith!
The freezing wraith is moderately damaged.
Okay, then.
You barely miss the freezing wraith.
The freezing wraith is moderately damaged.
The freezing wraith misses you.
The freezing wraith hits you but does no damage.
You barely miss the freezing wraith.
The freezing wraith is moderately damaged.
The freezing wraith hits you!
* * * LOW HITPOINT WARNING * * *
The freezing wraith freezes you!!
You die...

# .. .W# W.#
### ..#
####.####..#
##.....@WW.#
##....#######
#...### #..##
.# ##..#
...###...#
#..
#........#
..#
#........#
..#
....#....##
..#


You could see 2 freezing wraiths.

Vanquished Creatures
  Harold (D:8)
  A two-headed ogre (D:8)
  Pikel (D:4)
  Joseph (D:7)
  A freezing wraith (D:9)
  Grinder (D:6)
  Sigmund (D:4)
  Eustachio (D:4)
  A vampire (D:7)
  6 yaks (D:7)
  3 vampire mosquitoes (D:7)
  Menkaure (D:7)
  A water moccasin (D:5)
  Duvessa (D:6)
  An orc warrior (D:8)
  A sky beast (D:7)
  A black bear (D:7)
  The ghost of WLBjork the Skirmisher, an amateur MiFi (D:4)
  An ogre (D:5)
  3 phantoms
  Blork the orc (D:4)
  2 bullfrogs (D:8)
  A scorpion (D:5)
  A wyvern zombie (D:8)
  A water moccasin skeleton (D:5)
  Dowan (D:6)
  3 wights (D:5)
  2 centaur zombies
  2 bullfrog zombies
  6 hounds
  2 jellies
  A gnoll shaman (D:4)
  2 orc priests (D:3)
  A bullfrog skeleton (D:5)
  A centaur skeleton (D:7)
  6 iguanas
  An orc wizard (D:8)
  A scorpion zombie (D:5)
  A killer bee zombie (D:4)
  A hound skeleton (D:4)
  6 adders
  7 gnolls (D:4)
  A white imp (D:6)
  An ufetubus (D:4)
  An adder skeleton (D:4)
  A dart slug (D:1)
  16 orcs
  4 endoplasms
  2 giant cockroaches
  11 goblins
  6 hobgoblins
  5 jackals (D:1)
  3 quokkas
  8 ball pythons
  3 bats (D:1)
  4 kobolds
  4 rats
149 creatures vanquished.

Vanquished Creatures (others)
  6 plants (D:4)
6 creatures vanquished.

Grand Total: 155 creatures vanquished

Notes
Turn   | Place    | Note
-------+----------+-------------------------------------------
     0 | D:1      | theElss the Gargoyle Berserker began the quest for the Orb.
     0 | D:1      | Reached XP level 1. HP: 14/14 MP: 1/1
   114 | D:1      | Reached XP level 2. HP: 15/19 MP: 2/2
   252 | D:1      | Found Burphi Usuje's Assorted Antiques.
   955 | D:1      | Reached XP level 3. HP: 23/23 MP: 3/3
  1937 | D:3      | Reached ** piety under Trog
  1968 | D:3      | Reached XP level 4. HP: 26/29 MP: 4/4
  2051 | D:3      | Reached XP level 5. HP: 23/33 MP: 5/5
  2346 | D:4      | Noticed a phantom
  2355 | D:4      | Killed a phantom
  2387 | D:4      | Found a staircase to the Ecumenical Temple.
  2504 | D:4      | Noticed Blork the orc
  2511 | D:4      | Killed Blork the orc
  2512 | D:4      | Reached XP level 6. HP: 39/39 MP: 6/6
  2697 | D:4      | Noticed Eustachio
  2719 | D:4      | Killed Eustachio
  2720 | D:4      | Reached skill level 5 in Fighting
  2720 | D:4      | Reached XP level 7. HP: 44/44 MP: 7/7
  2758 | D:4      | Noticed Pikel
  2772 | D:4      | Killed Pikel
  2773 | D:4      | Reached skill level 5 in Maces & Flails
  2773 | D:4      | Reached skill level 5 in Armour
  2773 | D:4      | Reached XP level 8. HP: 50/51 MP: 8/8
  3154 | D:4      | Identified the +10 halberd of Zedacs {vamp, Dex+6}
  3154 | D:4      | Noticed WLBjork's ghost (amateur MiFi)
  3216 | D:4      | Noticed Sigmund
  3229 | D:4      | Killed Sigmund
  3315 | D:4      | Found a transporter.
  3315 | D:4      | Found a transporter.
  3689 | D:4      | HP: 3/76 [gnoll (4)]
  3782 | D:4      | Killed WLBjork's ghost
  4002 | D:5      | Entered Level 5 of the Dungeon
  4139 | D:5      | Reached *** piety under Trog
  4205 | D:5      | Reached XP level 9. HP: 56/56 MP: 9/9
  4388 | D:5      | Reached skill level 5 in Dodging
  5295 | D:6      | Noticed Duvessa
  5302 | D:6      | Killed Duvessa
  5304 | D:6      | Noticed Dowan
  5348 | D:6      | Killed Dowan
  5928 | D:6      | Noticed Grinder
  5928 | D:6      | Paralysed by Grinder for 7 turns
  5941 | D:6      | Killed Grinder
  6600 | D:7      | Reached XP level 10. HP: 64/64 MP: 10/10
  6877 | D:7      | Noticed Joseph
  6901 | D:7      | Killed Joseph
  6987 | D:7      | Noticed Menkaure
  6992 | D:7      | Killed Menkaure
  7446 | D:8      | Noticed Harold
  7472 | D:8      | Killed Harold
  7704 | D:8      | Found a shimmering blue altar of Sif Muna.
  7903 | D:8      | Noticed a two-headed ogre
  7911 | D:8      | Killed a two-headed ogre
  8248 | D:9      | Reached XP level 11. HP: 33/71 MP: 11/11
  8255 | D:9      | HP: 3/106 [freezing wraith[a death knight] (8)]
  8255 | D:9      | Demolished by a freezing wraith

Illustrated notes

Levels and vault maps discovered:
D:1:      dpeg_arrival_leaves_temple_mockup, layout_loops_ring, serial_shops,
          nicolae_shop_advertising_works [nicolae_subvault_shop_adworks],
          roderic_malta_cross, st_stairs_3
D:2:      layout_loops_cross
D:3:      layout_basic
D:4:      layout_basic, temple_statues, gammafunk_ghost_gnarly_gnolls,
          kennysheep_nub, uniq_sigmund, uniq_blork_the_orc, uniq_pikel,
          uniq_eustachio
D:5:      layout_loops_ring, minivault_4
D:6:      layout_loops_ring, uniq_grinder, uniq_duvessa
D:7:      layout_basic, amcnicky_mini_corridor_feature, uniq_joseph,
          uniq_menkaure
D:8:      layout_loops_cross, lemuel_tele_altar, uniq_harold
D:9:      layout_layer_cave, zombieorc1_lemuel,
          minmay_guarded_unrand_resistance, uniq_grum

Skill      XL: |  1  2  3  4  5  6  7  8  9 10 |
---------------+-------------------------------+-----
Dodging        | 2 3 4 6 7 |  7.0
Armour         | 3 4 5 6 7 9 |  9.3
Fighting       | 4 5 6 8 9 |  9.6
Maces & Flails | 4 5 6 7 8 |  8.8

Action                   |  1- 3 |  4- 6 |  7- 9 | 10-12 || total
-------------------------+-------+-------+-------+-------++-------
Melee: Mace              |   100 |   110 |    11 |       ||   221
       Punch             |       |     1 |     3 |     3 ||     7
       Whip              |       |       |   367 |   192 ||   559
Invok: Berserk           |     2 |     4 |    12 |     6 ||    24
       Trog's Hand       |       |     1 |     4 |       ||     5
  Use: Scroll            |       |       |     7 |       ||     7
       Potion            |       |       |     1 |       ||     1
Armor: Animal skin       |     8 |       |       |       ||     8
       Ring mail         |    38 |    43 |   128 |    78 ||   287
Dodge: Dodged            |    68 |    74 |   157 |    93 ||   392
